 Dungeon Crawl Stone Soup version 0.21.1-1-g345015f (webtiles) character file.

13799 inc the Destroyer (level 12, -7/89 HPs)
             Began as a Gnoll Conjurer on June 8, 2018.
             Was a Priest of Ashenzari.
             Mangled by a gargoyle
             ... wielding a +0 mace of crushing
              (13 damage)
             ... while paralysed
             ... in a volcano.
             The game lasted 00:48:36 (16932 turns).

inc the Destroyer (Gnoll Conjurer)                 Turns: 16932, Time: 00:48:36

Health: -7/89      AC: 13    Str: 12 (13) XL:     12   Next: 9%
Magic:  22/24      EV: -1    Int: 26      God:    Ashenzari [***...]
Gold:   785        SH:  0    Dex: 17      Spells: 14/28 levels left

rFire    + . .     SeeInvis +   k - +2 whip (vamp) (curse)
rCold    . . .     Gourm    .   F - +2 buckler
rNeg     + . .     Faith    .   w - +0 ring mail (curse)
rPois    .         Spirit   .   u - +0 helmet
rElec    .         Reflect  .   (no cloak)
rCorr    .         Harm     .   h - +2 pair of gloves (curse)
MR       .....                  p - +1 pair of boots
Stlth    +++.......             (no amulet)
HPRegen  0.24/turn              A - ring of positive energy (curse)
MPRegen  0.19/turn              H - +5 ring of intelligence (curse)

@: paralysed, berserk cooldown, hasted and slowed, constricted
A: distributed training, fangs 1, fire resistance 1, strong 1, subdued magic 1,
strong nose
a: Curse Item, Scrying, Renounce Religion


You were in a volcano.
You worshipped Ashenzari.
Ashenzari was most pleased with you.
You were not hungry.

You visited 2 branches of the dungeon, and saw 14 of its levels.
You also visited: Sewer and Volcano.

You collected 785 gold pieces.

Inventory:

Hand Weapons
 k - a cursed +2 vampiric whip (weapon)
 q - a +0 short sword
Armour
 a - a +0 robe
 h - a cursed +2 pair of gloves (worn)
 j - a +0 ring mail
 n - a +0 leather armour
 p - a +1 pair of boots (worn)
 r - a +0 buckler
 u - a +0 helmet (worn)
 w - a cursed +0 ring mail (worn)
 F - a +2 buckler (worn)
 P - +0 storm dragon scales
Jewellery
 d - an uncursed ring of fire
 t - a +3 ring of dexterity
 A - a cursed ring of positive energy (left hand)
 D - a cursed ring of loudness
 E - an uncursed ring of fire
 H - a cursed +5 ring of intelligence (right hand)
 K - a cursed ring of stealth
 M - an uncursed ring of positive energy
 Q - an uncursed ring of resist corrosion
Wands
 G - a wand of flame (24)
 J - a wand of paralysis (21)
Scrolls
 g - a scroll of identify
 o - 2 scrolls of magic mapping
 s - a scroll of blinking {unknown}
 x - 5 scrolls of teleportation
 C - a scroll of amnesia {unknown}
 I - a scroll of enchant armour
 L - a scroll of fear {unknown}
 O - a scroll of enchant weapon
Potions
 i - a potion of resistance
 l - a potion of cancellation
 m - 3 potions of flight
 v - 2 potions of magic
 z - a potion of curing
 B - a potion of mutation
 S - a potion of degeneration
Books
 b - a book of Conjurations

   Spells                             Type                      Level
   a - Magic Dart                     Conjuration                  1
   b - Searing Ray                    Conjuration                  2
   c - Dazzling Spray                 Conjuration/Hexes            3
   d - Fulminant Prism                Conjuration/Hexes            4
   e - Force Lance                    Conjuration/Translocation    4
   f - Iskenderun's Mystic Blast      Conjuration                  4
 y - a book of Maledictions

   Spells                             Type                      Level
   a - Corona                         Hexes                        1
   b - Ensorcelled Hibernation        Hexes/Ice                    2
   c - Confuse                        Hexes                        3
   d - Tukima's Dance                 Hexes                        3
   e - Dazzling Spray                 Conjuration/Hexes            3
Comestibles
 c - 12 rations


   Skills:
 + Level 6.8 Fighting
 + Level 6.8 Short Blades
 + Level 6.8 Long Blades
 + Level 6.8 Axes
 + Level 6.8(9.8) Maces & Flails
 + Level 6.8 Polearms
 + Level 6.8 Staves
 + Level 6.8 Slings
 + Level 6.8 Bows
 + Level 6.8 Crossbows
 + Level 6.8 Throwing
 + Level 6.8 Armour
 + Level 8.3 Dodging
 + Level 8.1 Stealth
 + Level 6.8 Shields
 + Level 6.8 Unarmed Combat
 + Level 8.5 Spellcasting
 + Level 9.2(11.0) Conjurations
 + Level 5.6(7.5) Hexes
 + Level 5.6(7.5) Charms
 + Level 5.6(7.5) Summonings
 + Level 5.6(7.5) Necromancy
 + Level 5.6(7.5) Translocations
 + Level 5.6(7.5) Transmutations
 + Level 5.6(7.5) Fire Magic
 + Level 5.6(7.5) Ice Magic
 + Level 5.6(7.5) Air Magic
 + Level 5.6(7.5) Earth Magic
 + Level 5.6(7.5) Poison Magic
 + Level 7.5 Invocations
 + Level 6.8(8.8) Evocations


You had 14 spell levels left.
You knew the following spells:

 Your Spells              Type           Power        Failure   Level  Hunger
a - Magic Dart            Conj           ####         1%          1    None
b - Searing Ray           Conj           ######       1%          2    None
c - Dazzling Spray        Conj/Hex       #####.       1%          3    None
d - Iskenderun's Mystic   Conj           ######..     1%          4    ##.....
e - Force Lance           Conj/Tloc      #####...     1%          4    ##.....


Dungeon Overview and Level Annotations

Branches:
Dungeon (11/15)            Temple (0/1) D:6            Lair (3/6) D:10
 Spider (0/4) Lair:2
  Swamp: Lair:2-4    Shoals: Lair:2-4       Orc: D:9-12

Altars:
Ashenzari
Dithmenos
Gozag
Makhleb
Nemelex Xobeh
Okawaru
Qazlal
Ru
Sif Muna
Trog
Uskayaw
Vehumet
Wu Jian
Xom
Zin

Shops:
D:5 =

Annotations:
D:8 zuik's ghost, novice MiBe
D:9 Erica
D:10 diana's ghost, journeyman FoFi


Innate Abilities, Weirdness & Mutations

Your experience applies equally to all skills.
You have very sharp teeth.
Your uncanny sense of smell can sniff out nearby items.
Your flesh is heat resistant. (rF+)
Your muscles are strong. (Str +2)
Your spells are a little easier to cast, but a little less powerful.


Message History

The gargoyle is severely damaged.
The naga skeleton barely misses you. You block the naga skeleton's attack.
You hit the gargoyle but do no damage.
The gargoyle is severely damaged.
You hit the gargoyle.
The gargoyle is almost destroyed.
In the distance, the volcano erupts with a roar.
The gargoyle hits you but does no damage.
You closely miss the gargoyle.
The gargoyle is almost destroyed.
You are no longer berserk.
You pass out from exhaustion.
You feel yourself slow down.
The naga skeleton hits you but does no damage.
The naga skeleton grabs you. The naga skeleton constricts you.
The gargoyle hits you but does no damage.
The naga skeleton hits you but does no damage.
The naga skeleton constricts you.
The gargoyle hits you with a mace of crushing!
You die...

### ..### ....### ####
......### *...#
........## #.∩.##
.........#####* ..... # *
, ≈≈≈§§......#.##
,...,..., ,
≈≈≈≈§§.§....≈.###Z#..#.#
* *
≈§§≈§≈≈§≈.......@9.....#
*
≈≈≈§≈§§§§...≈.###.#..#.#*
* * ≈≈≈≈§≈≈§...#.##,
...,... , ≈≈≈§§≈≈§§..###
..... # , ≈§§§§§≈≈§≈##
*#.##.#*,, * * §§≈§≈≈≈§##
*.#* # ≈ ≈≈≈z# ***.#*
≈≈## .# * ,


You could see a gargoyle and a naga skeleton.

Vanquished Creatures
  A hydra (Lair:3)
  A two-headed ogre (D:10)
  A skeletal warrior (Volcano)
  An unseen horror (D:11)
  Pikel (D:5)
  Joseph (D:7)
  A black mamba (Lair:3)
  A gargoyle (Volcano)
  Psyche (D:8)
  A spiny frog (Lair:1)
  2 komodo dragons
  Prince Ribbit (D:5)
  A troll (D:11)
  5 blink frogs (Lair:1)
  A harpy skeleton (Volcano)
  4 hippogriffs
  A flying skull (Volcano)
  2 wyverns
  A yak (D:9)
  A hungry ghost (D:9)
  Eustachio (D:4)
  Menkaure (D:5)
  4 water moccasins
  A porcupine (Lair:1)
  2 orc warriors
  4 phantoms
  A necrophage (D:7)
  6 ice beasts
  5 ogres
  2 black bears
  5 wolves (Lair:2)
  5 centaurs
  A crocodile (Lair:1)
  4 big kobolds
  5 bullfrogs
  A wyvern skeleton (D:6)
  2 scorpions
  A killer bee (D:9)
  6 howler monkeys
  5 crimson imps
  A quasit (D:10)
  3 bullfrog skeletons
  2 jellies
  7 orc wizards
  A centaur skeleton (D:6)
  6 hounds
  7 orc priests
  Jessica (D:2)
  3 iguanas
  Natasha (twice) (D:2)
  6 worker ants
  A killer bee zombie (D:10)
  A naga skeleton (Volcano)
  2 hound skeletons
  Robin (D:2)
  8 gnolls
  5 adders
  A river rat (Sewer)
  A shadow imp (D:7)
  An ooze (D:4)
  2 adder skeletons
  4 worms
  3 dart slugs
  5 leopard geckos
  45 orcs
  4 ball pythons
  4 giant cockroaches
  6 hobgoblins
  18 jackals
  26 kobolds
  5 bats
  9 frilled lizards
  23 goblins
  A jackal skeleton (D:7)
  A jackal zombie (D:8)
  A leopard gecko skeleton (D:5)
  A quokka skeleton (D:7)
  17 rats
326 creatures vanquished.

Vanquished Creatures (others)
  4 slaves (D:5)
  A centaur zombie (D:5)
  An orc wizard (D:5)
  3 orcs (D:5)
  2 fungi (Lair:1)
  9 plants
20 creatures vanquished.

Grand Total: 346 creatures vanquished

Notes
Turn   | Place    | Note
-------+----------+-------------------------------------------
     0 | D:1      | inc the Gnoll Conjurer began the quest for the Orb.
     0 | D:1      | Reached XP level 1. HP: 13/13 MP: 6/6
   120 | D:1      | Reached XP level 2. HP: 19/19 MP: 4/7
   412 | D:1      | Reached XP level 3. HP: 25/25 MP: 6/9
   451 | D:1      | Reached skill level 5 in Spellcasting
   570 | D:1      | Learned a level 2 spell: Searing Ray
   849 | D:2      | Noticed Jessica
   854 | D:2      | Reached skill level 1 in Invocations
  1121 | D:2      | Reached skill level 1 in Fighting
  1121 | D:2      | Reached skill level 1 in Short Blades
  1121 | D:2      | Reached skill level 1 in Long Blades
  1121 | D:2      | Reached skill level 1 in Axes
  1121 | D:2      | Reached skill level 1 in Maces & Flails
  1121 | D:2      | Reached skill level 1 in Polearms
  1121 | D:2      | Reached skill level 1 in Staves
  1121 | D:2      | Reached skill level 1 in Slings
  1121 | D:2      | Reached skill level 1 in Bows
  1121 | D:2      | Reached skill level 1 in Crossbows
  1121 | D:2      | Reached skill level 1 in Throwing
  1121 | D:2      | Reached skill level 1 in Armour
  1121 | D:2      | Reached skill level 1 in Shields
  1121 | D:2      | Reached skill level 1 in Unarmed Combat
  1121 | D:2      | Reached skill level 1 in Evocations
  1123 | D:2      | Noticed Natasha
  1128 | D:2      | Killed Natasha
  1128 | D:2      | Reached XP level 4. HP: 32/32 MP: 3/11
  1396 | D:2      | Noticed Natasha
  1407 | D:2      | Killed Natasha
  1407 | D:2      | Reached skill level 1 in Hexes
  1407 | D:2      | Reached skill level 1 in Charms
  1407 | D:2      | Reached skill level 1 in Summonings
  1407 | D:2      | Reached skill level 1 in Necromancy
  1407 | D:2      | Reached skill level 1 in Translocations
  1407 | D:2      | Reached skill level 1 in Transmutations
  1407 | D:2      | Reached skill level 1 in Fire Magic
  1407 | D:2      | Reached skill level 1 in Ice Magic
  1407 | D:2      | Reached skill level 1 in Air Magic
  1407 | D:2      | Reached skill level 1 in Earth Magic
  1407 | D:2      | Reached skill level 1 in Poison Magic
  1408 | D:2      | Reached XP level 5. HP: 26/37 MP: 2/12
  1884 | D:2      | Killed Jessica
  1898 | D:2      | Found a stormy altar of Qazlal.
  1898 | D:2      | Noticed Robin
  1912 | D:2      | Killed Robin
  2180 | D:3      | Reached XP level 6. HP: 21/44 MP: 2/13
  2836 | D:3      | Reached skill level 5 in Dodging
  3158 | D:4      | Noticed Eustachio
  3165 | D:4      | Noticed a phantom
  3177 | D:5      | Entered Level 5 of the Dungeon
  3186 | D:5      | Found an iron altar of Okawaru.
  3236 | D:5      | Noticed Menkaure
  3275 | D:5      | Found Qekozec's Jewellery Shop.
  3294 | D:5      | Reached XP level 7. HP: 46/50 MP: 1/15
  3380 | D:5      | Found a glowing drain.
  3397 | Sewer    | Entered a sewer
  3614 | Sewer    | Learned a level 3 spell: Dazzling Spray
  3714 | Sewer    | Learned a level 4 spell: Iskenderun's Mystic Blast
  3791 | Sewer    | Found a white marble altar of Elyvilon.
  3895 | D:5      | Noticed a hippogriff
  3896 | D:5      | Found a shattered altar of Ashenzari.
  3912 | D:5      | Killed a hippogriff
  3912 | D:5      | Reached skill level 5 in Stealth
  3922 | D:5      | Noticed Pikel
  4150 | D:4      | Reached XP level 8. HP: 49/57 MP: 12/16
  4184 | D:5      | Killed Pikel
  4190 | D:5      | Became a worshipper of Ashenzari the Shackled
  4477 | D:4      | Killed Eustachio
  4593 | D:4      | Found an opulent altar of Gozag.
  4597 | D:4      | Found a hide-covered altar of Uskayaw.
  4599 | D:4      | Found a shadowy altar of Dithmenos.
  4599 | D:4      | Found a deep blue altar of Sif Muna.
  4599 | D:4      | Found a bloodstained altar of Trog.
  4599 | D:4      | Found a burning altar of Makhleb.
  4602 | D:4      | Found a radiant altar of Vehumet.
  4603 | D:4      | Found an ornate altar of the Wu Jian Council.
  4604 | D:4      | Found a shimmering altar of Xom.
  4792 | D:4      | Reached XP level 9. HP: 49/65 MP: 0/18
  5600 | D:5      | Killed Menkaure
  6595 | D:5      | Noticed Prince Ribbit
  6598 | D:5      | Reached skill level 8 in Conjurations
  6618 | D:5      | Killed Prince Ribbit
  7071 | D:6      | Reached * piety under Ashenzari
  7074 | D:6      | Found a staircase to the Ecumenical Temple.
  7570 | D:6      | Reached skill level 5 in Invocations
  8054 | D:6      | Reached XP level 10. HP: 61/73 MP: 5/20
  8933 | D:7      | Reached skill level 5 in Fighting
  8933 | D:7      | Reached skill level 5 in Short Blades
  8933 | D:7      | Reached skill level 5 in Long Blades
  8933 | D:7      | Reached skill level 5 in Axes
  8933 | D:7      | Reached skill level 5 in Maces & Flails
  8933 | D:7      | Reached skill level 5 in Polearms
  8933 | D:7      | Reached skill level 5 in Staves
  8933 | D:7      | Reached skill level 5 in Slings
  8933 | D:7      | Reached skill level 5 in Bows
  8933 | D:7      | Reached skill level 5 in Crossbows
  8933 | D:7      | Reached skill level 5 in Throwing
  8933 | D:7      | Reached skill level 5 in Armour
  8933 | D:7      | Reached skill level 5 in Shields
  8933 | D:7      | Reached skill level 5 in Unarmed Combat
  8933 | D:7      | Reached skill level 5 in Evocations
  9180 | D:7      | Found a glowing silver altar of Zin.
  9505 | D:7      | Noticed Joseph
  9523 | D:7      | Killed Joseph
 10367 | D:8      | Noticed zuik's ghost (novice MiBe)
 11308 | D:9      | Learned a level 4 spell: Force Lance
 11611 | D:9      | Noticed Psyche
 11668 | D:8      | Killed Psyche
 12125 | D:9      | Noticed Erica
 12229 | D:9      | Reached XP level 11. HP: 81/81 MP: 13/22
 12608 | D:10     | Entered Level 10 of the Dungeon
 12846 | D:10     | Noticed a two-headed ogre
 12878 | D:10     | Killed a two-headed ogre
 13158 | D:10     | Reached skill level 5 in Hexes
 13158 | D:10     | Reached skill level 5 in Charms
 13158 | D:10     | Reached skill level 5 in Summonings
 13158 | D:10     | Reached skill level 5 in Necromancy
 13158 | D:10     | Reached skill level 5 in Translocations
 13158 | D:10     | Reached skill level 5 in Transmutations
 13158 | D:10     | Reached skill level 5 in Fire Magic
 13158 | D:10     | Reached skill level 5 in Ice Magic
 13158 | D:10     | Reached skill level 5 in Air Magic
 13158 | D:10     | Reached skill level 5 in Earth Magic
 13158 | D:10     | Reached skill level 5 in Poison Magic
 13296 | D:10     | Found a sparkling altar of Nemelex Xobeh.
 13325 | D:10     | Found a staircase to the Lair.
 13330 | D:10     | Reached ** piety under Ashenzari
 13567 | D:10     | Noticed diana's ghost (journeyman FoFi)
 14184 | D:11     | Killed an unseen horror
 14534 | Lair:1   | Entered Level 1 of the Lair of Beasts
 14576 | Lair:1   | Gained mutation: Your spells are a little easier to cast, but a little less powerful. [potion of mutation]
 14576 | Lair:1   | Gained mutation: Your muscles are strong. (Str +2) [potion of mutation]
 14576 | Lair:1   | Gained mutation: Your flesh is heat resistant. (rF+) [potion of mutation]
 14850 | Lair:1   | Reached skill level 9 in Conjurations
 15272 | Lair:1   | Found a sacrificial altar of Ru.
 15424 | Lair:1   | Reached *** piety under Ashenzari
 15900 | Lair:2   | Noticed a six-headed hydra
 16739 | Lair:3   | Found a dark tunnel.
 16739 | Lair:3   | Noticed a five-headed hydra
 16750 | Lair:3   | Killed a five-headed hydra
 16760 | Volcano  | Entered a volcano
 16851 | Volcano  | Noticed a skeletal warrior
 16880 | Volcano  | Reached XP level 12. HP: 60/89 MP: 17/24
 16932 | Volcano  | Mangled by a gargoyle

Skill      XL: |  1  2  3  4  5  6  7  8  9 10 11 |
---------------+----------------------------------+-----
Spellcasting   | 5 6 7 8 |  8.5
Invocations    | 1 2 3 4 5 6 7 |  7.5
Fighting       | 1 2 3 4 5 6 |  6.8
Short Blades   | 1 2 3 4 5 6 |  6.8
Long Blades    | 1 2 3 4 5 6 |  6.8
Axes           | 1 2 3 4 5 6 |  6.8
Maces & Flails | 1 2 3 4 5 6 |  6.8
Polearms       | 1 2 3 4 5 6 |  6.8
Staves         | 1 2 3 4 5 6 |  6.8
Slings         | 1 2 3 4 5 6 |  6.8
Bows           | 1 2 3 4 5 6 |  6.8
Crossbows      | 1 2 3 4 5 6 |  6.8
Throwing       | 1 2 3 4 5 6 |  6.8
Armour         | 1 2 3 4 5 6 |  6.8
Shields        | 1 2 3 4 5 6 |  6.8
Unarmed Combat | 1 2 3 4 5 6 |  6.8
Evocations     | 1 2 3 4 5 6 |  6.8
Hexes          | 1 2 3 4 5 |  5.6
Charms         | 1 2 3 4 5 |  5.6
Summonings     | 1 2 3 4 5 |  5.6
Necromancy     | 1 2 3 4 5 |  5.6
Translocations | 1 2 3 4 5 |  5.6
Transmutations | 1 2 3 4 5 |  5.6
Fire Magic     | 1 2 3 4 5 |  5.6
Ice Magic      | 1 2 3 4 5 |  5.6
Air Magic      | 1 2 3 4 5 |  5.6
Earth Magic    | 1 2 3 4 5 |  5.6
Poison Magic   | 1 2 3 4 5 |  5.6
Dodging        | 5 6 7 8 |  8.3
Stealth        | 5 6 7 8 |  8.1
Conjurations   | 8 9 |  9.2

Action                   |  1- 3 |  4- 6 |  7- 9 | 10-12 || total
-------------------------+-------+-------+-------+-------++-------
Melee: Unarmed           |     2 |     2 |       |       ||     4
       Short sword       |       |     6 |    56 |       ||    62
       Bite              |       |     1 |     9 |    18 ||    28
       Whip              |       |       |   106 |   199 ||   305
       Punch             |       |       |     3 |       ||     3
 Cast: Magic Dart        |    78 |   112 |   195 |   271 ||   656
       Searing Ray       |       |    10 |    39 |    71 ||   120
       Dazzling Spray    |       |       |    15 |    30 ||    45
       Iskenderun's Myst |       |       |     5 |    13 ||    18
       Force Lance       |       |       |       |     6 ||     6
Invok: Curse Item        |       |       |       |     4 ||     4
  Use: Scroll            |       |     3 |     7 |     8 ||    18
       Potion            |       |       |     3 |    17 ||    20
 Stab: Invisible         |       |       |     3 |       ||     3
       Distracted        |       |       |       |     1 ||     1
  Eat: Chunk             |       |     7 |    10 |    20 ||    37
       Ration            |       |       |     3 |     3 ||     6
Armor: Robe              |     3 |       |       |       ||     3
       Leather armour    |       |    13 |     1 |       ||    14
       Ring mail         |       |       |   119 |   127 ||   246
Dodge: Dodged            |     3 |    30 |   230 |   239 ||   502
Block: Buckler           |       |       |     7 |   117 ||   124
